 Dungeon Crawl Stone Soup version 0.29-a0-909-g30c7767f5c (webtiles) character file.

Game seed: 15259111705962518935

136 Malachi the Shooter (level 4, -9/33 HPs)
             Began as a Vampire Hunter on July 25, 2022.
             Killed from afar by an orc wizard (10 damage)
             ... with a puff of flame
             ... on level 4 of the Dungeon.
             The game lasted 00:02:49 (2738 turns).

Malachi the Shooter (Vampire Hunter)                Turns: 2738, Time: 00:02:50

Health: -9/33      AC:  4    Str: 10    XL:     4   Next: 98%
Magic:  4/4        EV: 16    Int: 11    God:
Gold:   231        SH:  0    Dex: 19    Spells: 3/3 levels left

rFire   . . .      SeeInvis +   t - +6 dagger of Righteous Fury {venom, rElec}
rCold   . . .      Faith    .   (no shield)
rNeg    . . .      Spirit   .   c - +0 leather armour
rPois   .          Reflect  .   w - +0 helmet
rElec   +          Harm     .   (no cloak)
rCorr   .          Rampage  .   (no gloves)
Will    .....                   (no boots)
Stlth   ++........              (no amulet)
HPRegen 0.31/turn               n - +4 ring of evasion
MPRegen 0.09/turn               (no ring)

@: healing quickly
A: alive, fangs 3, see invisible, vampiric 2
a: Exsanguinate


You were on level 4 of the Dungeon.
You visited 1 branch of the dungeon, and saw 4 of its levels.

You collected 231 gold pieces.

Inventory:

Hand Weapons
 a - a +0 shortbow
 i - a +0 antimagic falchion
 t - the +6 dagger of Righteous Fury (weapon) {venom, rElec}
   (You found it on level 3 of the Dungeon)

   It poisons the flesh of those it strikes.
   rElec:     It insulates you from electricity.
Armour
 c - a +0 leather armour (worn)
 w - a +0 helmet (worn)
Magical Staves
 g - a staff of earth
Jewellery
 n - a +4 ring of evasion (left hand)
 p - the amulet of the Gloaming {Faith rPois Will++ Int+2 Dex+2}
   (You found it on level 2 of the Dungeon)

   [amulet of faith]

   It allows you to gain divine favour quickly.
   Int:       It affects your intelligence (+2).
   Dex:       It affects your dexterity (+2).
   rPois:     It protects you from poison.
   Will:      It greatly increases your willpower.
 u - an amulet of magic regeneration
Wands
 x - a wand of flame (14)
Scrolls
 b - 3 scrolls of immolation
 k - 4 scrolls of teleportation {unknown}
 l - a scroll of fog {unknown}
 m - 3 scrolls of magic mapping {unknown}
 r - a scroll of enchant armour {unknown}
 s - a scroll of identify
Potions
 d - a potion of berserk rage {unknown}
 e - 5 potions of curing {unknown}
 f - a potion of mutation {unknown}
 h - a potion of degeneration {unknown}
 j - 2 potions of attraction {unknown}
 o - a potion of invisibility {unknown}
 q - a potion of heal wounds {unknown}
 v - 2 potions of flight {unknown}


   Skills:
 - Level 1.7 Fighting
 * Level 1.0 Short Blades
 - Level 5.1 Ranged Weapons
 - Level 2.1 Dodging
 - Level 1.5 Stealth


You had 3 spell levels left.
You didn't know any spells.
Your spell library contained the following spells:

 Spells                   Type           Power      Damage    Failure   Level
 Gell's Gravitas          Tloc           0%         N/A       82%         3
 Ozocubu's Armour         Ice            0%         N/A       82%         3
 Teleport Other           Tloc           0%         N/A       82%         3
 Dispersal                Tloc           0%         N/A       100%        6
 Ozocubu's Refrigeration  Ice            0%         4d5       100%        7


Dungeon Overview and Level Annotations

Branches:
Dungeon (4/15)
 Temple: D:4-7

Altars:
Okawaru
Sif Muna
Uskayaw

Shops:
D:4 *


Innate Abilities, Weirdness & Mutations

Your natural rate of healing is accelerated.
You have razor-sharp teeth.
You have supernaturally acute eyesight. (SInv)
You are afflicted with vampirism and can become a bat while bloodless.


Message History

The orc wizard flickers and vanishes for a moment.
The orc shouts! x2
The orc priest closely misses you. The orc closely misses you.
The orc priest hits you from afar with a +0 trident.
A black bear comes into view.
You hit the orc.
The orc is poisoned.
The orc is lightly wounded.
You barely miss the orc.
The orc is moderately wounded.
The orc misses you.
The orc priest hits you from afar with a +0 trident!
You puncture the orc!
You kill the orc!
The orc wizard gestures at you while chanting.
The magic dart hits you. The orc priest closely misses you.
You puncture the orc!
You kill the orc!
The orc priest misses you.
Your Short Blades skill increases to level 1!
You hit the orc wizard.
The orc wizard is poisoned.
The orc wizard is heavily wounded.
The orc wizard hits you with a +0 dagger.
The orc priest barely misses you.
You are too injured to fight recklessly!
You are too injured to fight recklessly!
You are too injured to fight recklessly!
You are too injured to fight recklessly!
Unknown command.
You are too injured to fight recklessly!
You are too injured to fight recklessly!
You hit the orc wizard.
The orc wizard looks as sick as possible!
The orc wizard is severely wounded.
The orc priest mumbles some strange prayers to Beogh against you.
Beogh smites you!
* * * LOW HITPOINT WARNING * * *
The orc wizard points at you and mumbles some strange words.
The puff of flame hits you!
You die...

...........#.....
..........##....# ....
..........##....## ....
...........#.....# .....
...........#.....# .....
...........#.....#......
...........#.....#h.....
################.oo.....
........@#......
...#...#.# .....
.........# ....
...#...#.# ...
........#########
################.........
...............>.........
.........................
................†........


You could see a black bear, an orc priest and an orc wizard (invisible,
extremely poisoned).

Vanquished Creatures
  A hound (D:2)
  Terence (D:3)
  3 adders
  A dart slug (D:1)
  2 orcs (D:4)
  5 ball pythons
  6 endoplasms
  2 giant cockroaches
  3 goblins
  7 hobgoblins
  3 kobolds
  A quokka (D:1)
  8 bats
  5 frilled lizards
  3 rats
51 creatures vanquished.

Notes
Turn   | Place    | Note
-------+----------+-------------------------------------------
     0 | D:1      | Malachi the Vampire Hunter began the quest for the Orb.
     0 | D:1      | Reached XP level 1. HP: 16/16 MP: 1/1
    13 | D:1      | Found a faded altar of an unknown god.
   132 | D:1      | Reached XP level 2. HP: 22/22 MP: 2/2
   275 | D:1      | Reached skill level 4 in Ranged Weapons
   692 | D:2      | You fall into a shaft and drop 1 floor!
   875 | D:2      | Gained mutation: You are afflicted with vampirism and can
                  | become a bat while bloodless. [Vampire growth]
   875 | D:2      | Reached XP level 3. HP: 27/27 MP: 3/3
  1326 | D:2      | Identified the amulet of the Gloaming {Faith rPois Will++
                  | Int+2 Dex+2}
  1506 | D:3      | Noticed Terence
  1722 | D:2      | Reached XP level 4. HP: 12/33 MP: 1/4
  2022 | D:3      | Killed Terence
  2023 | D:3      | Reached skill level 5 in Ranged Weapons
  2108 | D:3      | Identified the +6 dagger of Righteous Fury {venom, rElec}
  2516 | D:4      | Found Pidyquna's Overcharged Wands.
  2522 | D:4      | Found a hide-covered altar of Uskayaw.
  2525 | D:4      | Noticed a +0 hand axe
  2525 | D:4      | Noticed a +0 dagger
  2583 | D:4      | Found an iron altar of Okawaru.
  2641 | D:4      | Found a shimmering blue altar of Sif Muna.
  2732 | D:4      | Noticed a black bear
  2737 | D:4      | Reached skill level 1 in Short Blades
  2738 | D:4      | HP: 1/33 [orc priest/divine providence (15)]
  2738 | D:4      | Killed from afar by an orc wizard

Illustrated notes

Levels and vault maps discovered:
D:1:      matt_arrival_grand_opening, layout_basic, basic_ecumenical_altar
D:2:      layout_basic, minmay_tripent
D:3:      layout_rooms, uniq_terence
D:4:      layout_gridville, dancing_weapons_uskayaw, ashenzari_altar_1,
          lemuel_coloured_pillars_altar, okawaru_ov_weapons_minmay,
          mainiacjoe_overflow_small_starburst, nicolae_shop_overcharged_wands

Skill      XL: |  1  2  3  4 |
---------------+-------------+-----
Ranged Weapons | 4 5 |  5.1
Short Blades   | 1 |  1.0
Fighting       | |  1.7
Dodging        | |  2.1
Stealth        | |  1.5

Action                   |  1- 3 |  4- 6 || total
-------------------------+-------+-------++-------
Melee: Falchion          |     6 |       ||     6
       Bite              |     2 |       ||     2
       Dagger            |       |     9 ||     9
 Fire: Shortbow          |    93 |    18 ||   111
  Use: Scroll            |     2 |       ||     2
Armor: Leather armour    |     6 |     1 ||     7
Dodge: Dodged            |    37 |    16 ||    53

Table legend: (Time is in decaauts)
 A = Elapsed time spent in this place.
 B = Non-inter-level travel time spent in this place.
 C = Inter-level travel time spent in this place.
 D = Time resting spent in this place.
 E = Time spent auto-exploring this place.
 F = Levels seen in this place.
 G = Mean time per level.
                   A        B        C        D        E       F      G
               +--------+--------+--------+--------+--------+-----+--------+
         Total |   2774 |   2676 |     98 |    413 |   1897 |   4 |  693.5 |
       Dungeon |   2774 |   2676 |     98 |    413 |   1897 |   4 |  693.5 |
               +--------+--------+--------+--------+--------+-----+--------+

Top non-repeatable levels by time:
     D:2: 1138 daAuts
     D:1: 694 daAuts
     D:3: 610 daAuts
     D:4: 330 daAuts
